 Dungeon Crawl Stone Soup version 0.32-a0-818-gb728d0252e (webtiles) character file.

Game seed: 17028208114479617655

225 Goblin1989 the Sneak (level 5, 0/38 HPs)
             Began as a Demonspawn Brigand on Mar 24, 2024.
             Hit by a boomerang thrown by an orc (6 damage)
             ... on level 3 of the Dungeon.
             The game lasted 00:06:06 (1956 turns).

Goblin1989 the Sneak (Demonspawn Brigand)           Turns: 1956, Time: 00:06:07

Health: 0/38       AC:  3    Str: 11    XL:     5   Next: 68%
Magic:  5/5        EV: 10    Int: 12    God:
Gold:   107        SH:  0    Dex: 18    Spells: 4/4 levels left

rFire   . . .        a - +2 dagger
rCold   . . .        (no shield)
rNeg    . . .        b - +0 robe
rPois   .            (no helmet)
rElec   .            c - +0 cloak
rCorr   .            (no gloves)
SInv    .            (no boots)
Will    .....        (no amulet)
Stlth   ++++         (no ring)
HPRegen 0.26/turn    (no ring)
MPRegen 0.09/turn

%: no passive effects
@: no status effects
A: hooves 1, thin skeletal structure 1
a: no special abilities


You were on level 3 of the Dungeon.
You visited 1 branch of the dungeon, and saw 3 of its levels.

You collected 107 gold pieces.

Inventory:

Hand Weapons
 a - a +2 dagger (weapon)
Missiles
 d - 8 poisoned darts
 e - 2 curare-tipped darts
 i - 5 boomerangs (quivered) {@Q3}
Armour
 b - a +0 robe (worn)
 c - a +0 cloak (worn)
Scrolls
 m - a scroll of identify {@r1}
Potions
 f - 2 potions of enlightenment
 h - 2 potions of curing {unknown}
 k - a potion of magic {unknown}
 l - 2 potions of degeneration {unknown}
 o - a potion of attraction {unknown}
 p - a potion of lignification {unknown}


   Skills:
 - Level 2.0 Fighting
 + Level 4.0 Short Blades
 - Level 1.7 Throwing
 - Level 0.8 Dodging
 + Level 5.4 Stealth


You had 4 spell levels left.
You didn't know any spells.
Your spell library was empty.

Dungeon Overview and Level Annotations

Branches:
Dungeon (3/15) Zot: 16064

Altars:


Innate Abilities, Weirdness & Mutations

You have large cloven feet.
You have a somewhat thin skeletal structure. (Dex +2, Stealth+)


Message History

You hit Pargi.
Pargi is almost dead.
You barely miss Pargi. Your kick misses Pargi.
Pargi is almost dead.
Pargi closely misses you. x2; Pargi claws you but does no damage.
You hit Pargi. You kick Pargi, but do no damage.
Pargi is almost dead.
You kill Pargi!
Your Short Blades skill increases to level 4!
Your Stealth skill increases to level 5!
You have reached level 5!
You regained 2 hp, and now have 16/38 hp.
MP restored: 5 Unknown command.
Unknown command.
You see here the troll corpse of Pargi.
e - a curare-tipped dart
e - 2 curare-tipped darts (gained 1)
You open the door.
Found a stone staircase leading down.
There is an open door here.
A rat comes into view.
As you open the door, it creaks loudly! 3 orcs and an adder come into view.
An orc is wielding a +0 heavy mace.
An orc is wielding a +0 club and quivering poisoned darts.
The orc shouts! x2; The adder hisses angrily.
You hear a loud squeak.
The orc throws a boomerang.
The boomerang closely misses you.
The orc throws a poisoned dart.
The poisoned dart closely misses you.
You hear a shout!
An orc comes into view.
It is wielding a +0 club and wearing a +1 chain mail of willpower.
Found an embroidered hat.
The orc shouts!
A rat comes into view.
The rat squeaks loudly.
There is an open door here.
You hear the slow rusting of a drain nearby.
The adder attacks as it pursues you! The adder completely misses you.
You hit the adder. You kick the adder.
The adder is heavily wounded.
The adder barely misses you.
You miss the adder. Your kick misses the adder.
The adder is heavily wounded.
The adder bites you.
You take 3 damage, and have 22/38 hp.
You barely miss the adder.
The adder is heavily wounded.
The adder closely misses you. The adder attacks as it pursues you!
The adder bites you.
You are poisoned.
The adder poisons you! The adder closely misses you.
You take 1 damage, and have 21/38 hp.
You feel sick.
You take 1 damage, and have 20/38 hp.
You hit the adder.
The adder is severely wounded.
You feel sick. The adder barely misses you.
You take 1 damage, and have 19/38 hp.
You miss the adder. You kick the adder, but do no damage.
The adder is severely wounded.
You feel sick. The adder bites you but does no damage.
You take 1 damage, and have 18/38 hp.
You closely miss the adder.
The adder is severely wounded.
The adder closely misses you.
You miss the adder.
The adder is severely wounded.
You feel sick. The adder closely misses you.
You miss the adder. You kick the adder, but do no damage.
The adder is severely wounded.
You feel sick. The adder bites you but does no damage.
You take 1 damage, and have 17/38 hp.
You hit the adder but do no damage. You kick the adder.
You kill the adder!
You feel sick.
You are no longer poisoned.
You take 1 damage, and have 16/38 hp.
You hit the rat.
The rat is moderately wounded.
The rat bites you.
* * * LOW HITPOINT WARNING * * *
You take 3 damage, and have 13/38 hp.
You hit the rat but do no damage.
The rat is moderately wounded.
The rat closely misses you.
You hit the rat.
You kill the rat!
You hit the orc.
The orc is lightly wounded.
The orc hits you with a +0 club.
* * * LOW HITPOINT WARNING * * *
You take 3 damage, and have 11/38 hp.
You barely miss the orc. You kick the orc.
The orc is almost dead.
The orc hits you with a +0 club.
* * * LOW HITPOINT WARNING * * *
You take 5 damage, and have 6/38 hp.
You hit the orc.
You kill the orc!
The orc throws a boomerang.
The boomerang hits you.
You die... ███████████

.....█....█
██...▲....█
.....█....████████
....†.....∆.....>█
██?███....██████@█
...█ █....██████)█
...█ █....∆....oo█
)..█...r..██████o█
...█.██.███


█r█ ██......█ █∆█ ..<█.████ █........... ████.█ █........... . █........... You
could see 3 orcs and a rat.

Vanquished Creatures
  Pargi (D:3)
  Terence (D:2)
  3 gnolls (D:2)
  2 adders
  2 dart slugs (D:2)
  2 ribbon worms (D:2)
  2 orcs (D:3)
  5 ball pythons (D:1)
  6 endoplasms
  2 giant cockroaches (D:1)
  3 goblins
  3 hobgoblins
  2 jackals (D:1)
  2 kobolds (D:1)
  A quokka (D:2)
  4 bats
  3 frilled lizards (D:1)
  11 rats
55 creatures vanquished.

Notes
Turn   | Place    | Note
-------+----------+-------------------------------------------
     0 | D:1      | Goblin1989 the Demonspawn Brigand began the quest for the
                  | Orb.
     0 | D:1      | Reached XP level 1. HP: 16/16 MP: 1/1
   163 | D:1      | Gained mutation: You have large cloven feet. [demonic
                  | ancestry]
   163 | D:1      | Reached XP level 2. HP: 14/22 MP: 2/2
   241 | D:1      | Reached skill level 4 in Stealth
   793 | D:1      | Gained mutation: You have a somewhat thin skeletal
                  | structure. (Dex +2, Stealth+) [demonic ancestry]
   793 | D:1      | Reached XP level 3. HP: 25/27 MP: 3/3
  1084 | D:2      | Noticed Terence
  1132 | D:2      | Killed Terence
  1224 | D:2      | Reached XP level 4. HP: 33/33 MP: 4/4
  1892 | D:3      | Noticed Pargi
  1907 | D:3      | Killed Pargi
  1908 | D:3      | Reached skill level 5 in Stealth
  1908 | D:3      | Reached XP level 5. HP: 16/38 MP: 5/5
  1956 | D:3      | Hit by a boomerang thrown by an orc

Illustrated notes

Levels and vault maps discovered:
D:1:      roderic_dead_forest, layout_basic
D:2:      layout_basic, minivault_24, nicolae_grassy_gnolls, uniq_terence
D:3:      layout_basic, cheibrodos_sewer_entry_drain, serial_bayou_pond_d,
          uniq_pargi

Skill      XL: |  1  2  3  4 |
---------------+-------------+-----
Short Blades   | 2 3 4 |  4.0
Stealth        | 4 5 |  5.4
Fighting       | |  2.0
Throwing       | |  1.7
Dodging        | |  0.8

Action                     |  1- 3 |  4- 6 || total
---------------------------+-------+-------++-------
  Melee: Dagger            |    92 |    50 ||   142
         Kick              |    17 |    15 ||    32
  Throw: Dart              |     5 |     9 ||    14
         Boomerang         |       |     2 ||     2
    Use: Scroll            |       |     4 ||     4
   Stab: Sleeping          |     8 |     7 ||    15
 Armour: Robe              |    63 |    30 ||    93
  Dodge: Dodged            |    42 |    22 ||    64

Table legend: (Time is in decaauts)
 A = Elapsed time spent in this place.
 B = Non-inter-level travel time spent in this place.
 C = Inter-level travel time spent in this place.
 D = Time resting spent in this place.
 E = Time spent auto-exploring this place.
 F = Levels seen in this place.
 G = Mean time per level.
                   A        B        C        D        E       F      G
               +--------+--------+--------+--------+--------+-----+--------+
         Total |   1935 |   1883 |     52 |     70 |   1329 |   3 |  645.0 |
       Dungeon |   1935 |   1883 |     52 |     70 |   1329 |   3 |  645.0 |
               +--------+--------+--------+--------+--------+-----+--------+

Top non-repeatable levels by time:
     D:2: 1010 daAuts
     D:1: 832 daAuts
     D:3: 92 daAuts
